 Dungeon Crawl Stone Soup version 0.27.1-34-g3ba077fa99 (webtiles) character file.

Game seed: 10041134899379181343

12498 Sharkman1231 the Merchant of Misery (level 11, -6/72 HPs)
             Began as a Demonspawn Brigand on Jan 15, 2022.
             Was a Believer of Kikubaaqudgha.
             Mangled by a two-headed ogre (7 damage)
             ... on level 10 of the Dungeon.
             The game lasted 00:14:07 (16240 turns).

Sharkman1231 the Merchant of Misery (DsBr)         Turns: 16240, Time: 00:14:07

Health: -6/72      AC: 17    Str: 12    XL:     11   Next: 63%
Magic:  0/11       EV: 13    Int: 13    God:    Kikubaaqudgha [**....]
Gold:   525        SH:  0    Dex: 19    Spells: 6/10 levels left

rFire    . . .     SeeInvis .   b - +0 spear (pain)
rCold    . . .     Faith    .   (no shield)
rNeg     . . .     Spirit   +   w - +0 acid dragon scales
rPois    .         Reflect  .   (helmet restricted)
rElec    .         Harm     .   z - +2 cloak
rCorr    +         Rampage  .   k - +3 pair of gauntlets of War {Slay+5}
Will     .....                  h - +0 pair of boots
Stlth    ++........             E - amulet of guardian spirit
HPRegen  0.22/turn              o - ring of wizardry
MPRegen  0.12/turn              (no ring)

@: confused
A: horns 2, slimy green scales 2, powered by death 1, spiny 1, thin skeletal
structure 1, frail 1
a: Renounce Religion, Receive Corpses


You were on level 10 of the Dungeon.
You worshipped Kikubaaqudgha.
Kikubaaqudgha was pleased with you.
You visited 2 branches of the dungeon, and saw 12 of its levels.

You collected 709 gold pieces.
You spent 184 gold pieces at shops.

Inventory:

Hand Weapons
 a - a +2 dagger
 b - a +0 spear of pain (weapon)
 u - a +1 dagger of flaming
 v - a +1 hand axe of flaming
Missiles
 d - 104 poisoned darts
 e - 2 curare-tipped darts (quivered)
 F - 2 throwing nets
Armour
 h - a +0 pair of boots (worn)
 k - the +3 pair of gauntlets of War (worn) {Slay+5}
   (You acquired it on level 7 of the Dungeon)

   Slay:      It affects your accuracy & damage with ranged weapons and melee
   (+5).
 w - +0 acid dragon scales (worn)
 z - a +2 cloak (worn)
Jewellery
 o - a ring of wizardry (left hand)
 E - an amulet of guardian spirit (around neck)
Wands
 g - a wand of iceblast (10)
 l - a wand of polymorph (8)
 x - a wand of mindburst (12)
 A - a wand of flame (8)
 B - a wand of acid (3)
Scrolls
 f - 3 scrolls of teleportation
 j - a scroll of blinking
 m - 2 scrolls of amnesia
 p - 3 scrolls of magic mapping {unknown}
 q - a scroll of silence {unknown}
 r - a scroll of brand weapon {unknown}
 s - a scroll of enchant weapon {unknown}
 y - 2 scrolls of immolation {unknown}
 D - 2 scrolls of vulnerability
 K - a scroll of enchant armour {unknown}
 L - a scroll of fog {unknown}
Potions
 c - 2 potions of flight {unknown}
 i - 3 potions of might
 n - a potion of invisibility {unknown}
 t - 2 potions of brilliance {unknown}
 C - a potion of heal wounds {unknown}
 G - 2 potions of curing
 H - a potion of ambrosia {unknown}
 I - a potion of haste
 J - a potion of resistance


   Skills:
 - Level 5.4 Fighting
 - Level 4.9 Short Blades
 + Level 10.8 Polearms
 - Level 1.7 Throwing
 - Level 4.6 Dodging
 - Level 6.2 Stealth
 + Level 12.6 Necromancy


You had 6 spell levels left.
You knew the following spells:

 Your Spells              Type           Power      Damage    Failure   Level
a - Animate Skeleton      Necr           64%        N/A       1%          1
b - Vampiric Draining     Necr           16%        2d8       1%          3

Your spell library contained the following spells:

 Spells                   Type           Power      Damage    Failure   Level
 Pain                     Necr           100%       1d9       1%          1
 Sublimation of Blood     Necr           16%        N/A       1%          2
 Apportation              Tloc           0%         N/A       19%         1
 Beastly Appendage        Tmut           0%         N/A       19%         1
 Corona                   Hex            0%         N/A       19%         1
 Sandblast                Erth           0%         2d4       19%         1
 Shock                    Conj/Air       0%         1d3       19%         1
 Sting                    Tmut/Pois      0%         1d3       19%         1
 Summon Small Mammal      Summ           0%         N/A       19%         1
 Passwall                 Tmut/Erth      0%         N/A       26%         2
 Poisonous Vapours        Pois/Air       0%         N/A       26%         2
 Static Discharge         Conj/Air       0%         N/A       26%         2
 Wereblood                Tmut           0%         N/A       26%         2
 Gell's Gravitas          Tloc           0%         N/A       45%         3
 Ozocubu's Armour         Ice            0%         N/A       45%         3
 Spider Form              Tmut/Pois      0%         N/A       45%         3
 Swiftness                Air            0%         N/A       45%         3
 Teleport Other           Tloc           0%         N/A       45%         3
 Airstrike                Air            0%         N/A       86%         4
 Olgreb's Toxic Radiance  Pois           0%         N/A       86%         4
 Lee's Rapid Deconstruct  Erth           0%         3d5*      99%         5
 Lightning Bolt           Conj/Air       0%         1d11      99%         5
 Dispersal                Tloc           0%         N/A       100%        6
 Ozocubu's Refrigeration  Ice            0%         4d5       100%        7
 Maxwell's Capacitive Co  Air            0%         ∞         100%        8


Dungeon Overview and Level Annotations

Branches:
Dungeon (11/15)            Temple (1/1) D:7            Lair (0/6) D:9
    Orc (0/2) D:9

Altars:
Ashenzari
Cheibriados
Dithmenos
Elyvilon
Fedhas
Gozag
Hepliaklqana
Kikubaaqudgha
Makhleb
Nemelex Xobeh
Okawaru
Qazlal
Ru
Sif Muna
Trog
Uskayaw
Vehumet
Wu Jian
Xom
Yredelemnul
Zin
The Shining One

Shops:
D:3 *   D:4 *   D:5 [[!   D:6 *   D:10 (

Annotations:
D:3 2 transporters, cbfl8's ghost, amateur MiDe
D:5 Menkaure
D:9 1 runed translucent door


Innate Abilities, Weirdness & Mutations

You have a pair of horns on your head.
You are mostly covered in slimy green scales. (AC +3)
You regenerate a little health from kills.
You are partially covered in sharp spines.
You have a somewhat thin skeletal structure. (Dex +2, Stealth+)
You are frail. (-10% HP)


Message History

Things that are here:
a +0 giant club; a +0 giant spiked club; a two-headed ogre corpse A komodo dragon comes into view.
An orc comes into view. It is wielding a +0 whip.
The sentinel's mark upon you fades away.
A troll comes into view.
The orc hits you but does no damage.
The two-headed ogre hits you but does no damage.
The two-headed ogre hits you with a +0 giant club!
You hit the two-headed ogre.
The two-headed ogre writhes in agony.
The two-headed ogre is lightly wounded.
The orc is struck by your spines. The orc misses you.
There is a stone staircase leading up here.
You can't go down here!
The two-headed ogre misses you. The two-headed ogre closely misses you.
The two-headed ogre is struck by your spines.
The two-headed ogre hits you with a +0 giant club!!
The two-headed ogre hits you with a +0 giant club!
The orc wizard gestures at you while chanting.
The magic dart hits you!
You climb upwards.
There is a stone staircase leading down here.
Unknown command.
The orc wizard hits you but does no damage.
The orc wizard gestures at you while chanting.
The puff of flame hits you!
The orc wizard points at you and mumbles some strange words.
You are confused.
The two-headed ogre is struck by your spines.
The two-headed ogre hits you with a +0 giant club.
The two-headed ogre hits you but does no damage.
The orc wizard mumbles some strange words.
The orc wizard flickers and vanishes!
Deactivating autopickup; reactivate with Ctrl-A.
The two-headed ogre is struck by your spines.
The two-headed ogre hits you with a +0 giant club!!
* * * LOW HITPOINT WARNING * * *
The two-headed ogre hits you with a +0 giant club!
You die...
Kikubaaqudgha rasps: "You have failed me!
Welcome... death!"

.........########.............#..
................#................
................#################
...##....##.....................#
...##....##.....................#
....#....#########.....>........#
....#....##.....##..............#
....#...........................#
....#...........@O..............#
...##....##.[....O..............#
...##....##..)..##.....##########
.............[[.##.....##......##
.........##.....##......#.####.'.
.........#########......#......#.
.........#......#.......#......#.
.........#...}..#.......'......#.
.........#......#########......#'


You could see 2 two-headed ogres.

Vanquished Creatures
  Harold (D:9)
  2 two-headed ogres
  Pikel (D:7)
  Joseph (D:7)
  A kobold demonologist (D:9)
  Maggie (D:8)
  A komodo dragon (D:9)
  An unseen horror (D:10)
  A troll (D:9)
  A hornet (D:8)
  2 wyverns
  Eustachio (D:6)
  13 yaks
  An acid dragon (D:9)
  A sky beast (D:6)
  4 black bears
  2 ice beasts
  3 orc warriors
  6 centaurs
  A phantom (D:5)
  2 lemures (D:7)
  2 kobold brigands
  2 water moccasin zombies
  4 bullfrogs
  A scorpion (D:4)
  2 wyvern zombies
  5 wights
  3 killer bees (D:9)
  4 howler monkeys
  A bullfrog zombie (D:5)
  A crimson imp (D:9)
  A jelly (D:5)
  3 centaur zombies
  2 hounds (D:6)
  Crazy Yiuf (D:7)
  4 centaur skeletons
  2 gnoll shamans (D:6)
  9 orc priests
  A bullfrog skeleton (D:6)
  3 iguanas
  14 orc wizards
  A centaur simulacrum (D:9)
  2 howler monkey zombies (D:9)
  12 gnolls
  A howler monkey skeleton (D:9)
  4 adders
  2 shadow imps
  A white imp (D:8)
  2 worms
  4 dart slugs
  63 orcs
  5 endoplasms
  2 giant cockroaches
  10 goblins
  5 hobgoblins
  7 jackals
  11 kobolds
  2 quokkas
  7 ball pythons
  4 bats
  A rat (D:1)
258 creatures vanquished.

Vanquished Creatures (others)
  5 plants (D:9)
5 creatures vanquished.

Grand Total: 263 creatures vanquished

Notes
Turn   | Place    | Note
-------+----------+-------------------------------------------
     0 | D:1      | Sharkman1231 the Demonspawn Brigand began the quest for the
                  | Orb.
     0 | D:1      | Reached XP level 1. HP: 16/16 MP: 1/1
    27 | D:1      | Reached skill level 1 in Dodging
   251 | D:1      | Gained mutation: You regenerate a little health from kills.
                  | [demonic ancestry]
   251 | D:1      | Reached XP level 2. HP: 22/22 MP: 2/2
   637 | D:2      | Gained mutation: You have a pair of small horns on your
                  | head. [demonic ancestry]
   637 | D:2      | Reached XP level 3. HP: 28/28 MP: 3/3
  1059 | D:2      | Reached XP level 4. HP: 21/34 MP: 4/4
  1985 | D:3      | Found an iron altar of Okawaru.
  2019 | D:3      | Noticed cbfl8's ghost (amateur MiDe)
  2056 | D:3      | Found Ohorgho's Assorted Antiques.
  2165 | D:3      | Found a sacrificial altar of Ru.
  2456 | D:3      | Found a transporter.
  2464 | D:3      | Found a transporter.
  2477 | D:3      | Found a faded altar of an unknown god.
  2642 | D:3      | Reached XP level 5. HP: 41/41 MP: 5/5
  2743 | D:3      | Bought a scroll labelled XURAINT BEOV for 24 gold pieces
  2743 | D:3      | Bought a scroll labelled HIXULU HIJEW for 24 gold pieces
  2743 | D:3      | Bought a scroll labelled FEOTEVE MYOQA for 24 gold pieces
  2852 | D:4      | Found a sparkling altar of Nemelex Xobeh.
  2931 | D:4      | Found a shimmering blue altar of Sif Muna.
  3237 | D:4      | Found Zin's Purification Station.
  3385 | D:4      | Found a basalt altar of Yredelemnul.
  3709 | D:4      | Found a shimmering blue altar of Sif Muna.
  3788 | D:4      | Found a sparkling altar of Nemelex Xobeh.
  3864 | D:4      | Found a basalt altar of Yredelemnul.
  3898 | D:4      | Reached XP level 6. HP: 11/47 MP: 6/6
  4161 | D:4      | Found Zin's Purification Station.
  4455 | D:5      | Entered Level 5 of the Dungeon
  4455 | D:5      | Found Fifecic's Armour Emporium.
  4606 | D:5      | Found Tech's Armour Shop.
  4615 | D:5      | Noticed Menkaure
  5147 | D:5      | Reached skill level 5 in Stealth
  5617 | D:5      | Reached XP level 7. HP: 48/54 MP: 7/7
  6343 | D:5      | Found Demurozo's Distillery.
  6465 | D:5      | Bought a potion of mutation for 112 gold pieces
  6465 | D:5      | Gained mutation: You have a somewhat thin skeletal
                  | structure. (Dex +2, Stealth+) [potion of mutation]
  6465 | D:5      | Gained mutation: You are frail. (-10% HP) [potion of
                  | mutation]
  7132 | D:6      | Found Gozag's Platinum Reserve.
  7132 | D:6      | Found an opulent altar of Gozag.
  7138 | D:6      | Noticed Eustachio
  7177 | D:5      | Gained mutation: You are partially covered in slimy green
                  | scales. (AC +2) [demonic ancestry]
  7177 | D:5      | Reached XP level 8. HP: 29/54 MP: 8/8
  7309 | D:6      | Reached skill level 5 in Fighting
  7907 | D:6      | Reached skill level 1 in Necromancy
  8145 | D:5      | Reached skill level 1 in Polearms
  8442 | D:6      | Reached skill level 2 in Necromancy
  9098 | D:6      | Reached skill level 9 in Necromancy
  9098 | D:6      | Gained mutation: You have a pair of horns on your head.
                  | [demonic ancestry]
  9098 | D:6      | Reached XP level 9. HP: 11/60 MP: 9/9
  9102 | D:6      | Found a hide-covered altar of Uskayaw.
  9102 | D:6      | Noticed a +0 hand axe
  9102 | D:6      | Noticed a +0 hand axe
  9199 | D:6      | Killed Eustachio
 10044 | D:7      | Noticed Pikel
 10286 | D:7      | Killed Pikel
 10424 | D:7      | Reached skill level 10 in Necromancy
 10424 | D:7      | Gained mutation: You are mostly covered in slimy green
                  | scales. (AC +3) [demonic ancestry]
 10424 | D:7      | Reached XP level 10. HP: 23/66 MP: 10/10
 10843 | D:7      | Noticed Joseph
 10878 | D:7      | Found a staircase to the Ecumenical Temple.
 11078 | D:7      | Identified a scroll of acquirement
 11086 | D:7      | Acquired the +3 pair of gauntlets of War {Slay+5}
 11086 | D:7      | Found the +3 pair of gauntlets of War {Slay+5}
 11881 | D:8      | Noticed Maurice
 12215 | D:7      | Killed Joseph
 12459 | Temple   | Entered the Ecumenical Temple
 12841 | Temple   | Became a worshipper of Kikubaaqudgha
 13036 | D:7      | Found a runed translucent door.
 13037 | D:7      | Noticed Crazy Yiuf
 13044 | D:7      | Killed Crazy Yiuf
 13190 | D:8      | Noticed Maurice
 13194 | D:8      | Killed Maurice the centaur
 13326 | D:8      | Found an ornate altar of the Wu Jian Council.
 13360 | D:8      | Noticed Maggie
 13368 | D:8      | Killed Maggie
 13401 | D:8      | Noticed a two-headed ogre
 13411 | D:8      | Killed a two-headed ogre
 13614 | D:8      | Learned a level 1 spell: Animate Skeleton
 13646 | D:9      | Reached skill level 11 in Necromancy
 13784 | D:9      | Found a staircase to the Orcish Mines.
 13788 | D:9      | Reached * piety under Kikubaaqudgha
 13788 | D:9      | Received a gift from Kikubaaqudgha
 13963 | D:9      | Found a radiant altar of Vehumet.
 13963 | D:9      | Found a burning altar of Makhleb.
 14039 | D:9      | Paralysed by a hornet for 2 turns
 14291 | D:9      | Noticed a sun demon
 14590 | D:9      | Reached ** piety under Kikubaaqudgha
 14660 | D:9      | Noticed Harold
 14669 | D:9      | Killed Harold
 14670 | D:9      | Gained mutation: You are partially covered in sharp spines.
                  | [demonic ancestry]
 14670 | D:9      | Reached XP level 11. HP: 48/72 MP: 11/11
 14811 | D:9      | Found a hazy altar of Hepliaklqana.
 14827 | D:9      | Reached skill level 10 in Polearms
 14882 | D:9      | Found a staircase to the Lair.
 14993 | D:9      | Noticed a frost giant
 14993 | D:9      | Noticed a fire crab
 14994 | D:9      | Found a runed translucent door.
 14995 | D:9      | Noticed a stone giant
 14996 | D:9      | Noticed a deep troll
 14996 | D:9      | Noticed a wolf spider
 15336 | D:10     | Entered Level 10 of the Dungeon
 15347 | D:10     | Reached skill level 12 in Necromancy
 15459 | D:10     | Found Kerphazo's Weapon Shop.
 15819 | D:10     | Learned a level 3 spell: Vampiric Draining
 16118 | D:11     | Noticed a two-headed ogre
 16121 | D:11     | Noticed a two-headed ogre
 16123 | D:11     | Noticed a two-headed ogre
 16224 | D:11     | Killed a two-headed ogre
 16240 | D:10     | HP: 1/72 [two-headed ogre (23)]
 16240 | D:10     | Mangled by a two-headed ogre

Illustrated notes

Levels and vault maps discovered:
D:1:      tarquinn_simple_flora_water_a, layout_rooms
D:2:      layout_loops_ring, basic_altar, uniq_natasha
D:3:      layout_basic, okawaru_ov_weapons_minmay, lemuel_crystal_altar,
          gammafunk_ghost_stat_death, serial_shops, shop,
          hellmonk_ecumenical_altar_lost_god
D:4:      layout_cave_pods, zin_purify, mainiacjoe_overflow_tiny_flanked,
          lemuel_doored_altar, nemelex_xobeh_ov_fountains_minmay
D:5:      layout_basic, elyvilon_altar_3, serial_shops, shop_statue,
          nicolae_shop_waterfront, shop, uniq_menkaure
D:6:      layout_loops_ring, dancing_weapons_uskayaw,
          nicolae_gozag_zags_fifth_avenue, uniq_eustachio
D:7:      layout_loops_ring, minmay_temple_entry_purple_smoke,
          grunt_ministairs_5, grunt_decor_one_mirror, uniq_joseph, uniq_pikel,
          uniq_crazy_yiuf_cottage
D:8:      layout_loops_ring, lemuel_round_altar, uniq_maurice, uniq_maggie
D:9:      minmay_gate_of_8, layout_loops_ring,
          grunt_temple_overflow_lords_of_destruction, kennysheep_little_box,
          david_lair_shrubbed, hiddenorc2_lemuel, corner_web_ring,
          hangedman_weighted_door, uniq_harold
D:10:     layout_stronghold, serial_shops, shop_statue
D:11:     layout_irregular_city, st_stairs_8
Temple:   compressed_dpeg_triangle_lava_temple

Skill      XL: |  1  2  3  4  5  6  7  8  9 10 11 |
---------------+----------------------------------+-----
Dodging        | 1 2 3 4 |  4.6
Short Blades   | 2 3 4 |  4.9
Stealth        | 4 5 6 |  6.2
Fighting       | 3 4 5 |  5.4
Necromancy     | 9 10 11 12 | 12.6
Polearms       | 7 8 9 10 | 10.8
Throwing       | |  1.7

Action                   |  1- 3 |  4- 6 |  7- 9 | 10-12 || total
-------------------------+-------+-------+-------+-------++-------
Melee: Dagger            |    79 |   133 |   172 |       ||   384
       Headbutt          |     2 |    31 |    91 |    77 ||   201
       Unarmed           |       |    17 |     2 |       ||    19
       Spear             |       |       |   229 |   424 ||   653
       Falchion          |       |       |    14 |       ||    14
Throw: Dart              |     7 |    33 |    16 |     4 ||    60
       Throwing net      |       |       |     1 |       ||     1
Evoke: Wand              |       |       |       |     1 ||     1
  Use: Potion            |       |     5 |     4 |       ||     9
       Scroll            |       |       |     1 |     8 ||     9
 Stab: Sleeping          |    15 |    12 |     8 |    14 ||    49
       Held in net/web   |       |       |     1 |       ||     1
       Distracted        |       |       |       |     1 ||     1
Armor: Robe              |    13 |    22 |    44 |    31 ||   110
       Skin              |       |    30 |     1 |       ||    31
       Acid dragon scale |       |       |       |    70 ||    70
       Steam dragon scal |       |       |       |     7 ||     7
Dodge: Dodged            |    37 |    87 |   212 |   115 ||   451
       Rpst.: Falchion   |       |       |     3 |       ||     3
